Stars vs Capitals

Created - 9 février 2016 at 20:41

Goals
1 2 3 OT1 SO T
Stars 0 2 6 0 1 9
Capitals 0 2 6 0 0 8
Shots
1 2 3 OT1 SO T
Stars 8 13 17 1 3 39
Capitals 8 17 12 2 3 39

1st period

No Goal

Penalties :
Jordan Leopold (Dal) for High sticking (Minor) at 1:08

2nd period

1. Capitals , Ryan Callahan 16 (Stephen Weiss, Duncan Keith) at 4:44 (PP)
2. Stars , Alexei Morozov 23 (John Tavares, Brian Lee) at 6:25
3. Capitals , Stephen Weiss 16 (Patrik Elias, Jay Harrison) at 9:04
4. Stars , John Tavares 20 (Alexei Morozov, Petr Schastlivy) at 15:50

Penalties :
John Tavares (Dal) for Slashing (Minor) at 4:02, Brent Seabrook (Was) for Hooking (Minor) at 12:33, Phil Kessel (Was) for Tripping (Minor) at 15:53, Jordan Leopold (Dal) for Tripping (Minor) at 17:20

3rd period

5. Stars , Ryane Clowe 13 (Alexei Morozov, Mike Ribeiro) at 5:12 (PP)
6. Stars , John Tavares 21 (Eric Brewer) at 5:49
7. Capitals , Patrik Elias 19 (Stephen Weiss, Mark Streit) at 8:41 (PP)
8. Stars , Ryane Clowe 14 (Alexei Morozov, Mike Ribeiro) at 9:26 (PP)
9. Capitals , Phil Kessel 15 (Pavel Datsyuk) at 11:16 (PP)
10. Capitals , Alexandre Burrows 7 (Jakub Voracek) at 14:47
11. Stars , John Tavares 22 (Brian Lee, Jordan Leopold) at 16:06
12. Capitals , Mikael Samuelsson 6 (Duncan Keith, David Krejci) at 16:14
13. Stars , Saku Koivu 9 (Pavel Kubina, Chris Stewart) at 17:11
14. Stars , Shane Doan 10 (Brian Lee, Petr Schastlivy) at 17:45
15. Capitals , Thomas Vanek 25 (Brent Seabrook, Pavel Datsyuk) at 18:32
16. Capitals , James Neal 13 (Marek Zidlicky) at 18:43

Penalties :
Radim Vrbata (Dal) for Holding (Minor) at 0:41, Jay Harrison (Was) for High sticking (Minor) at 5:08, Shane Doan (Dal) for Cross-checking (Minor) at 8:06, Patrik Elias (Was) for Hooking (Minor) at 9:22, Shaone Morrisonn (Dal) for Hooking (Minor) at 11:02, Saku Koivu (Dal) for Holding (Minor) at 12:10

Overtime #1

No Goal

Penalties :
No Penalty

Shootout

Penalty Shot by Alexei Morozov for Stars - Goal!
Penalty Shot by Pavel Datsyuk for Capitals - Stopped by Erik Ersberg
Penalty Shot by Mike Ribeiro for Stars - Stopped by Tim Thomas
Penalty Shot by Thomas Vanek for Capitals - Shot Misses the Net
Penalty Shot by Ryane Clowe for Stars - Stopped by Tim Thomas
Penalty Shot by Stephen Weiss for Capitals - Stopped by Erik Ersberg

Penalties :
No Penalty

Goalie Stats

Erik Ersberg (Dal), 31 saves from 39 shots - (0,795), W, 2-3-1, 65:00 minutes
Tim Thomas (Was), 31 saves from 39 shots - (0,795), OTL, 0-2-2, 65:00 minutes

Players Stats for Stars

Player Name              G  A  P  +/- PIM S  H  SB GA TA FO     MP     PP MP  PK MP  
------------------------------------------------------------------------------------
Alexei Morozov           1  3  4   3  0   5  4  0  3  1  4/15   26:13   2:17   5:07 
Brian Lee                0  3  3   1  0   3  2  0  0  1  0/0    24:34   1:27   3:40 
Chris Kunitz             0  0  0  -2  0   1  0  0  0  0  2/2    14:15   1:17   1:19 
Chris Stewart            0  1  1  -2  0   2  0  0  0  0  1/2    12:41   0:00   0:00 
Eric Brewer              0  1  1   1  0   3  1  4  3  2  0/0    33:04   2:07   5:15 
John Tavares             3  1  4   3  2   4  0  0  1  0  17/29  17:56   1:17   0:18 
Jordan Leopold           0  1  1   1  4   1  1  2  0  2  0/0    20:37   1:26   1:45 
Marty Reasoner           0  0  0   0  0   0  1  0  0  1  3/3     6:13   0:00   0:00 
Mike Ribeiro             0  2  2   0  0   3  2  0  0  0  9/19   22:22   2:17   5:07 
Pavel Kubina             0  1  1   1  0   3  4  3  0  0  0/0    30:59   2:07   5:15 
Petr Schastlivy          0  2  2   0  0   1  0  1  1  0  0/0     6:13   0:00   0:00 
Radim Vrbata             0  0  0   0  2   3  2  0  1  0  0/0    17:47   1:17   1:57 
Ryane Clowe              2  0  2   0  0   6  2  0  0  0  0/0    19:15   2:17   2:29 
Saku Koivu               1  0  1  -2  2   3  0  1  1  0  5/10   12:57   0:00   0:00 
Scott Hartnell           0  0  0   3  0   0  2  1  0  0  0/0    16:17   0:00   0:00 
Shane Doan               1  0  1   0  2   1  3  0  0  0  0/1     8:09   0:00   1:33 
Shaone Morrisonn         0  0  0  -1  2   0  0  2  0  1  0/0    10:38   0:00   1:06 
Travis Hamonic           0  0  0  -1  0   0  0  0  0  0  0/0    10:16   0:00   0:49 

Players Stats for Capitals

Player Name              G  A  P  +/- PIM S  H  SB GA TA FO     MP     PP MP  PK MP  
------------------------------------------------------------------------------------
Alexandre Burrows        1  0  1   0  0   1  0  0  0  0  0/0     7:48   0:07   0:24 
Brent Seabrook           0  1  1   0  2   2  2  2  3  1  0/0    32:00   5:15   1:08 
Brian Campbell           0  0  0   0  0   0  1  1  0  1  0/0    11:02   0:00   0:00 
David Krejci             0  1  1   0  0   2  1  0  0  0  6/10   11:36   0:00   0:00 
Duncan Keith             0  2  2   0  0   2  1  1  0  1  0/0    33:14   5:15   2:00 
Jakub Voracek            0  1  1   0  0   1  1  0  0  0  0/0     5:57   0:00   0:00 
James Neal               1  0  1   0  0   5  0  1  1  1  0/0    13:20   0:07   0:00 
Jay Harrison             0  1  1   0  2   1  0  1  0  1  0/0    10:38   0:00   0:52 
Marek Zidlicky           0  1  1  -1  0   4  2  0  1  1  0/0    21:32   3:40   1:34 
Mark Streit              0  1  1  -1  0   2  0  1  0  0  0/0    21:32   3:40   1:34 
Mikael Samuelsson        1  0  1   0  0   2  1  1  0  0  0/0    12:44   0:00   0:24 
Patrik Elias             1  1  2   0  2   2  3  0  1  0  2/3    18:13   4:12   0:51 
Pavel Datsyuk            0  2  2  -1  0   6  0  0  0  0  29/52  27:00   4:36   2:19 
Phil Kessel              1  0  1  -1  2   2  1  1  0  2  0/5    22:13   4:43   0:00 
Ryan Callahan            1  0  1   0  0   1  2  0  0  0  0/0    15:51   4:12   0:00 
Stephen Weiss            1  2  3   0  0   3  0  0  0  0  3/10   18:14   4:12   0:51 
Thomas Vanek             1  0  1  -1  0   2  3  0  2  2  0/1    26:59   4:36   2:19 
Tyler Johnson            0  0  0   0  0   1  2  0  0  0  0/0     5:57   0:00   0:00 

3 Stars

1 - John Tavares (Dal)
2 - Alexei Morozov (Dal)
3 - Ryane Clowe (Dal)

Power Play

Stars - 2 on 4 Attempt(s) - 50,00%
Capitals - 3 on 7 Attempt(s) - 42,86%

Penalty Kill

Stars - 4 on 7 Attempt(s) - 57,14% - Score 0 goal in Penalty Kill
Capitals - 2 on 4 Attempt(s) - 50,00% - Score 0 goal in Penalty Kill

Team Stat

Stars - Hits : 24 - Faceoff Wins : 41 - Blocked Shots : 14 - Penalty Minutes : 14
Capitals - Hits : 20 - Faceoff Wins : 40 - Blocked Shots : 9 - Penalty Minutes : 8

Official

Referees : Rehman Kyle and Banfield David
Linesman : Derek Nansen and Pierre Racicot

Game Notes

John Tavares has scored a Hat Trick!

Finance

Level 1 -- Attendance: 5434 (90,57%) -- Ticket Income 418 418 $
Level 2 -- Attendance: 5000 (100,00%) -- Ticket Income 210 000 $
Level 3 -- Attendance: 1969 (98,45%) -- Ticket Income 53 163 $
Level 4 -- Attendance: 3760 (94,00%) -- Ticket Income 60 160 $
Luxury Box -- Attendance: 945 (94,50%) -- Ticket Income 154 035 $
Game was played at the Verizon Center.
Total Attendance: 17108 (95,04%)
Total Ticket Income: 895 776 $
Other Income: 134 366 $
Total Income: 1 030 142 $

Stars

5 vs 5 Forward 
   Center                   Left Wing                Right Wing               Time % Phy DF OF 
 1 John Tavares             Scott Hartnell           Alexei Morozov           40     1   2  2  
 2 Mike Ribeiro             Ryane Clowe              Radim Vrbata             30     1   2  2  
 3 Saku Koivu               Chris Kunitz             Chris Stewart            20     1   2  2  
 4 Marty Reasoner           Petr Schastlivy          Shane Doan               10     1   2  2  

5 vs 5 Defense 
   Defense                  Defense                                           Time % Phy DF OF 
 1 Eric Brewer              Pavel Kubina                                      40     1   2  2  
 2 Jordan Leopold           Brian Lee                                         30     1   2  2  
 3 Shaone Morrisonn         Travis Hamonic                                    20     1   2  2  
 4 Brian Lee                Eric Brewer                                       10     1   2  2  

PowerPlay Forward 
   Center                   Left Wing                Right Wing               Time % Phy DF OF 
 1 Mike Ribeiro             Ryane Clowe              Alexei Morozov           60     1   2  2  
 2 John Tavares             Chris Kunitz             Radim Vrbata             40     1   2  2  

PowerPlay Defense
   Defense                  Defense                                           Time % Phy DF OF 
 1 Eric Brewer              Pavel Kubina                                      60     1   2  2  
 2 Jordan Leopold           Brian Lee                                         40     1   2  2  

Penalty Kill 4 Players Forward 
   Center                   Wing                     Time % Phy DF OF 
 1 Alexei Morozov           Mike Ribeiro             60     1   2  2  
 2 Ryane Clowe              Radim Vrbata             40     1   2  2  

Penalty Kill 4 Players Defense
   Defense                  Defense                  Time % Phy DF OF 
 1 Eric Brewer              Pavel Kubina             60     1   2  2  
 2 Jordan Leopold           Brian Lee                40     1   2  2  

Penalty Kill - 3 Players Forward 
   Forward                                           Time % Phy DF OF 
 1 Alexei Morozov                                    60     1   2  2  
 2 Mike Ribeiro                                      40     1   2  2  

Penalty Kill - 3 Players Defense
   Defense                  Defense                  Time % Phy DF OF 
 1 Eric Brewer              Pavel Kubina             60     1   2  2  
 2 Jordan Leopold           Brian Lee                40     1   2  2  

4 vs 4 Forward 
   Center                   Wing                     Time % Phy DF OF 
 1 Alexei Morozov           Mike Ribeiro             60     1   2  2  
 2 Ryane Clowe              Radim Vrbata             40     1   2  2  

4 vs 4 Defense
   Defense                  Defense                  Time % Phy DF OF 
 1 Eric Brewer              Pavel Kubina             60     1   2  2  
 2 Jordan Leopold           Brian Lee                40     1   2  2  

Last Minutes Offensive
   Center                   Left Wing                Right Wing               Defense                  Defense                  
   Mike Ribeiro             Ryane Clowe              Alexei Morozov           Eric Brewer              Pavel Kubina             

Last Minutes Defensive
   Center                   Left Wing                Right Wing               Defense                  Defense                  
   Mike Ribeiro             Ryane Clowe              Alexei Morozov           Eric Brewer              Pavel Kubina             

Goaltenders
Starting : Erik Ersberg             
Backup : Pascal Leclaire          

Extra Forwards
Normal : Chris Stewart, Saku Koivu, Shane Doan - PP : Chris Stewart, Saku Koivu - PK : Shane Doan
Extra Defensemen
Normal : Shaone Morrisonn, Travis Hamonic, Pavel Kubina - PP : Shaone Morrisonn - PK : Travis Hamonic, Jordan Leopold
Penalty Shots
Alexei Morozov, Mike Ribeiro, Ryane Clowe, Radim Vrbata, John Tavares

Capitals

5 vs 5 Forward 
   Center                   Left Wing                Right Wing               Time % Phy DF OF 
 1 Pavel Datsyuk            Thomas Vanek             Phil Kessel              40     1   2  2  
 2 Stephen Weiss            Patrik Elias             Ryan Callahan            30     1   2  2  
 3 David Krejci             James Neal               Mikael Samuelsson        20     1   2  2  
 4 Tyler Johnson            Alexandre Burrows        Jakub Voracek            10     1   2  2  

5 vs 5 Defense 
   Defense                  Defense                                           Time % Phy DF OF 
 1 Brent Seabrook           Duncan Keith                                      40     1   2  2  
 2 Mark Streit              Marek Zidlicky                                    30     1   2  2  
 3 Brian Campbell           Jay Harrison                                      20     1   2  2  
 4 Brent Seabrook           Duncan Keith                                      10     1   2  2  

PowerPlay Forward 
   Center                   Left Wing                Right Wing               Time % Phy DF OF 
 1 Pavel Datsyuk            Thomas Vanek             Phil Kessel              60     1   2  2  
 2 Stephen Weiss            Patrik Elias             Ryan Callahan            40     1   2  2  

PowerPlay Defense
   Defense                  Defense                                           Time % Phy DF OF 
 1 Brent Seabrook           Duncan Keith                                      60     1   2  2  
 2 Mark Streit              Marek Zidlicky                                    40     1   2  2  

Penalty Kill 4 Players Forward 
   Center                   Wing                     Time % Phy DF OF 
 1 Pavel Datsyuk            Thomas Vanek             60     1   2  2  
 2 Stephen Weiss            Patrik Elias             40     1   2  2  

Penalty Kill 4 Players Defense
   Defense                  Defense                  Time % Phy DF OF 
 1 Brent Seabrook           Duncan Keith             60     1   2  2  
 2 Mark Streit              Marek Zidlicky           40     1   2  2  

Penalty Kill - 3 Players Forward 
   Forward                                           Time % Phy DF OF 
 1 Pavel Datsyuk                                     60     1   2  2  
 2 Thomas Vanek                                      40     1   2  2  

Penalty Kill - 3 Players Defense
   Defense                  Defense                  Time % Phy DF OF 
 1 Brent Seabrook           Duncan Keith             60     1   2  2  
 2 Mark Streit              Marek Zidlicky           40     1   2  2  

4 vs 4 Forward 
   Center                   Wing                     Time % Phy DF OF 
 1 Pavel Datsyuk            Thomas Vanek             60     1   2  2  
 2 Stephen Weiss            Patrik Elias             40     1   2  2  

4 vs 4 Defense
   Defense                  Defense                  Time % Phy DF OF 
 1 Brent Seabrook           Duncan Keith             60     1   2  2  
 2 Mark Streit              Marek Zidlicky           40     1   2  2  

Last Minutes Offensive
   Center                   Left Wing                Right Wing               Defense                  Defense                  
   Pavel Datsyuk            Thomas Vanek             Phil Kessel              Brent Seabrook           Duncan Keith             

Last Minutes Defensive
   Center                   Left Wing                Right Wing               Defense                  Defense                  
   Pavel Datsyuk            Thomas Vanek             Phil Kessel              Brent Seabrook           Duncan Keith             

Goaltenders
Starting : Tim Thomas               
Backup : Jaroslav Halak           

Extra Forwards
Normal : James Neal, Alexandre Burrows, Mikael Samuelsson - PP : James Neal, Alexandre Burrows - PK : Mikael Samuelsson
Extra Defensemen
Normal : Brian Campbell, Jay Harrison, Mark Streit - PP : Brian Campbell - PK : Jay Harrison, Mark Streit
Penalty Shots
Pavel Datsyuk, Thomas Vanek, Stephen Weiss, Patrik Elias, James Neal

% Time on Ice - Stars

Lines # - Real PCT - Wanted PCT - Time Play
Normal Forward
1 - 35% - 40% - 16:17
2 - 28% - 30% - 13:12
3 - 24% - 20% - 11:17
4 - 13% - 10% - 6:13
Normal Defense
1 - 44% - 40% - 20:30
2 - 31% - 30% - 14:42
3 - 19% - 20% - 8:56
4 - 6% - 10% - 2:51
PP Forward
1 - 64% - 60% - 2:17
2 - 36% - 40% - 1:17
PP Defense
1 - 59% - 60% - 2:07
2 - 41% - 40% - 1:27
PK Forward
1 - 72% - 60% - 6:26
2 - 28% - 40% - 2:29
PK Defense
1 - 56% - 60% - 5:02
2 - 44% - 40% - 3:53
PK3 Forward
1 - 0% - 60%
2 - 0% - 40%
PK3 Defense
1 - 0% - 60%
2 - 0% - 40%
44 Forward
1 - 75% - 60% - 4:10
2 - 25% - 40% - 1:22
44 Defense
1 - 59% - 60% - 3:15
2 - 41% - 40% - 2:17
Last Minute Offensive  - 0:00
Last Minute Defensive  - 0:00
Total
Forward - 65:00
Defense - 65:00

% Time on Ice - Capitals

Lines # - Real PCT - Wanted PCT - Time Play
Normal Forward
1 - 38% - 40% - 17:47
2 - 25% - 30% - 11:39
3 - 25% - 20% - 11:36
4 - 13% - 10% - 5:57
Normal Defense
1 - 43% - 40% - 20:17
2 - 30% - 30% - 14:17
3 - 20% - 20% - 9:31
4 - 6% - 10% - 2:54
PP Forward
1 - 53% - 60% - 4:43
2 - 47% - 40% - 4:12
PP Defense
1 - 59% - 60% - 5:15
2 - 41% - 40% - 3:40
PK Forward
1 - 76% - 60% - 2:43
2 - 24% - 40% - 0:51
PK Defense
1 - 56% - 60% - 2:00
2 - 44% - 40% - 1:34
PK3 Forward
1 - 0% - 60%
2 - 0% - 40%
PK3 Defense
1 - 0% - 60%
2 - 0% - 40%
44 Forward
1 - 72% - 60% - 4:00
2 - 28% - 40% - 1:32
44 Defense
1 - 64% - 60% - 3:31
2 - 36% - 40% - 2:01
Last Minute Offensive  - 0:00
Last Minute Defensive  - 0:00
Total
Forward - 65:00
Defense - 65:00

Play by Play

1st period


0:01 of 1st period - John Tavares wins face-off versus Phil Kessel in neutral zone.
0:12 of 1st period - Slapshot by Phil Kessel.
0:12 of 1st period - Shot Misses the Net.
0:14 of 1st period - Slapshot by Duncan Keith.
0:14 of 1st period - Stopped by Erik Ersberg without a rebound.
0:15 of 1st period - Mike Ribeiro wins face-off versus Stephen Weiss in Stars zone.
0:26 of 1st period - Wrist shot by Radim Vrbata.
0:26 of 1st period - Stopped by Tim Thomas without a rebound.
0:27 of 1st period - Chris Stewart wins face-off versus David Krejci in Capitals zone.
0:30 of 1st period - Snap shot by Chris Stewart.
0:30 of 1st period - Stopped by Tim Thomas with a rebound.
0:32 of 1st period - Slapshot by Chris Stewart.
0:32 of 1st period - Shot Misses the Net.
0:34 of 1st period - Slapshot by Travis Hamonic.
0:34 of 1st period - Shot Blocked by Mikael Samuelsson.
0:52 of 1st period - Mikael Samuelsson is hit by Scott Hartnell and loses puck.
1:03 of 1st period - Slapshot by Brian Campbell.
1:03 of 1st period - Shot Misses the Net.
1:05 of 1st period - Slapshot by Jay Harrison.
1:05 of 1st period - Stopped by Erik Ersberg without a rebound.
1:06 of 1st period - Mike Ribeiro wins face-off versus Pavel Datsyuk in Stars zone.
1:08 of 1st period - Minor Penalty to Jordan Leopold for High sticking.
1:09 of 1st period - Pavel Datsyuk wins face-off versus Mike Ribeiro in Stars zone.
1:36 of 1st period - Radim Vrbata is hit by Patrik Elias and loses puck.
2:01 of 1st period - Marek Zidlicky is hit by Alexei Morozov.
3:01 of 1st period - Radim Vrbata is hit by Patrik Elias and loses puck.
3:08 of 1st period - Penalty to Jordan Leopold is over, Jordan Leopold is back on ice.
4:27 of 1st period - Snap shot by Petr Schastlivy.
4:27 of 1st period - Shot Blocked by Jay Harrison.
4:41 of 1st period - Ryan Callahan is hit by Jordan Leopold and loses puck.
4:48 of 1st period - Jordan Leopold is hit by Ryan Callahan and loses puck.
5:14 of 1st period - Ryane Clowe is hit by Tyler Johnson and loses puck.
5:29 of 1st period - Duncan Keith is hit by Shane Doan and loses puck.
5:40 of 1st period - Thomas Vanek is hit by Marty Reasoner.
5:54 of 1st period - Scott Hartnell is hit by Brian Campbell and loses puck.
6:19 of 1st period - Brent Seabrook is hit by Brian Lee and loses puck.
7:55 of 1st period - Tyler Johnson is hit by Ryane Clowe and loses puck.
8:10 of 1st period - Marek Zidlicky is hit by Brian Lee and loses puck.
8:39 of 1st period - Phil Kessel is hit by Shane Doan and loses puck.
9:07 of 1st period - Pavel Kubina is hit by Marek Zidlicky and loses puck.
9:29 of 1st period - Radim Vrbata is hit by Ryan Callahan.
9:47 of 1st period - Icing by Marek Zidlicky.
9:48 of 1st period - Stephen Weiss wins face-off versus John Tavares in Capitals zone.
10:06 of 1st period - Pavel Datsyuk is hit by Scott Hartnell and loses puck.
10:43 of 1st period - Wrist shot by Patrik Elias.
10:43 of 1st period - Shot Misses the Net.
11:26 of 1st period - Wrist shot by Phil Kessel.
11:26 of 1st period - Shot Blocked by Eric Brewer.
11:28 of 1st period - Wrist shot by Pavel Datsyuk.
11:28 of 1st period - Stopped by Erik Ersberg with a rebound.
11:46 of 1st period - Snap shot by Ryane Clowe.
11:46 of 1st period - Stopped by Tim Thomas with a rebound.
11:48 of 1st period - Slapshot by Pavel Kubina.
11:48 of 1st period - Stopped by Tim Thomas with a rebound.
11:50 of 1st period - Slapshot by Eric Brewer.
11:50 of 1st period - Stopped by Tim Thomas with a rebound.
11:52 of 1st period - Snap shot by Ryane Clowe.
11:52 of 1st period - Stopped by Tim Thomas with a rebound.
12:01 of 1st period - Off-side.
12:02 of 1st period - David Krejci wins face-off versus Saku Koivu in neutral zone.
12:36 of 1st period - Wrist shot by Pavel Datsyuk.
12:36 of 1st period - Shot Blocked by Scott Hartnell.
12:49 of 1st period - Jordan Leopold is hit by Thomas Vanek.
13:08 of 1st period - Snap shot by Scott Hartnell.
13:08 of 1st period - Deflect By Thomas Vanek.
13:08 of 1st period - Shot Blocked by Brian Campbell.
13:08 of 1st period - Puck is out of play.
13:09 of 1st period - Mike Ribeiro wins face-off versus Stephen Weiss in Capitals zone.
16:03 of 1st period - Slapshot by Brent Seabrook.
16:03 of 1st period - Shot Blocked by Pavel Kubina.
16:05 of 1st period - Snap shot by Brent Seabrook.
16:05 of 1st period - Stopped by Erik Ersberg with a rebound.
16:33 of 1st period - Eric Brewer is hit by Tyler Johnson.
16:37 of 1st period - Marek Zidlicky is hit by Eric Brewer and loses puck.
16:42 of 1st period - Snap shot by Alexei Morozov.
16:42 of 1st period - Stopped by Tim Thomas without a rebound.
16:43 of 1st period - Mike Ribeiro wins face-off versus Pavel Datsyuk in Capitals zone.
16:59 of 1st period - Slapshot by Phil Kessel.
16:59 of 1st period - Deflect By Thomas Vanek.
16:59 of 1st period - Stopped by Erik Ersberg with a rebound.
17:11 of 1st period - Snap shot by David Krejci.
17:11 of 1st period - Stopped by Erik Ersberg with a rebound.
17:19 of 1st period - Snap shot by James Neal.
17:19 of 1st period - Stopped by Erik Ersberg without a rebound.
17:20 of 1st period - John Tavares wins face-off versus Stephen Weiss in Stars zone.
18:06 of 1st period - Slapshot by Duncan Keith.
18:06 of 1st period - Shot Blocked by Jordan Leopold.
18:08 of 1st period - Slapshot by James Neal.
18:08 of 1st period - Shot Blocked by Jordan Leopold.
18:10 of 1st period - Snap shot by David Krejci.
18:10 of 1st period - Shot Misses the Net.
18:12 of 1st period - Slapshot by Brent Seabrook.
18:12 of 1st period - Shot Misses the Net.
18:14 of 1st period - Slapshot by James Neal.
18:14 of 1st period - Stopped by Erik Ersberg without a rebound.
18:15 of 1st period - John Tavares wins face-off versus Stephen Weiss in Stars zone.
18:15 of 1st period - John Tavares is hit by Patrik Elias.
18:41 of 1st period - Thomas Vanek is hit by Radim Vrbata and loses puck.
18:50 of 1st period - Wrist shot by Ryane Clowe.
18:50 of 1st period - Shot Blocked by Mark Streit.
18:59 of 1st period - Off-side.
19:00 of 1st period - David Krejci wins face-off versus Saku Koivu in neutral zone.
19:28 of 1st period - Wrist shot by Mike Ribeiro.
19:28 of 1st period - Shot Blocked by James Neal.
19:30 of 1st period - Snap shot by Ryane Clowe.
19:30 of 1st period - Stopped by Tim Thomas with a rebound.
19:32 of 1st period - Wrist shot by Radim Vrbata.
19:32 of 1st period - Shot Misses the Net.
Goals for this period are 0 for Stars vs 0 for Capitals.
Shots for this period are 8 for Stars vs 8 for Capitals.

2nd period


0:01 of 2nd period - Pavel Datsyuk wins face-off versus John Tavares in neutral zone.
0:46 of 2nd period - Snap shot by Jakub Voracek.
0:46 of 2nd period - Shot Misses the Net.
1:16 of 2nd period - Slapshot by Brian Lee.
1:16 of 2nd period - Stopped by Tim Thomas with a rebound.
1:30 of 2nd period - Wrist shot by Alexei Morozov.
1:30 of 2nd period - Stopped by Tim Thomas without a rebound.
1:31 of 2nd period - Alexei Morozov wins face-off versus Pavel Datsyuk in Capitals zone.
1:34 of 2nd period - Snap shot by Alexei Morozov.
1:34 of 2nd period - Stopped by Tim Thomas with a rebound.
2:49 of 2nd period - Snap shot by Petr Schastlivy.
2:49 of 2nd period - Stopped by Tim Thomas without a rebound.
2:50 of 2nd period - Marty Reasoner wins face-off versus Pavel Datsyuk in Capitals zone.
2:51 of 2nd period - Slapshot by Brian Lee.
2:51 of 2nd period - Stopped by Tim Thomas without a rebound.
2:52 of 2nd period - Marty Reasoner wins face-off versus Pavel Datsyuk in Capitals zone.
3:25 of 2nd period - Snap shot by Radim Vrbata.
3:25 of 2nd period - Deflect By Ryane Clowe.
3:25 of 2nd period - Shot Misses the Net.
3:25 of 2nd period - Puck is out of play.
3:26 of 2nd period - Pavel Datsyuk wins face-off versus John Tavares in Capitals zone.
3:31 of 2nd period - Slapshot by Pavel Datsyuk.
3:31 of 2nd period - Stopped by Erik Ersberg with a rebound.
3:33 of 2nd period - Wrist shot by Thomas Vanek.
3:33 of 2nd period - Shot Blocked by Eric Brewer.
3:35 of 2nd period - Wrist shot by Marek Zidlicky.
3:35 of 2nd period - Deflect By Alexei Morozov.
3:35 of 2nd period - Stopped by Erik Ersberg without a rebound.
3:36 of 2nd period - John Tavares wins face-off versus Pavel Datsyuk in Stars zone.
3:40 of 2nd period - Off-side.
3:41 of 2nd period - John Tavares wins face-off versus Phil Kessel in neutral zone.
3:52 of 2nd period - Backhand shot by Pavel Datsyuk.
3:52 of 2nd period - Shot Misses the Net.
3:54 of 2nd period - Snap shot by Brent Seabrook.
3:54 of 2nd period - Deflect By Alexei Morozov.
3:54 of 2nd period - Stopped by Erik Ersberg with a rebound.
3:56 of 2nd period - Slapshot by Duncan Keith.
3:56 of 2nd period - Shot Blocked by Eric Brewer.
4:02 of 2nd period - Minor Penalty to John Tavares for Slashing.
4:03 of 2nd period - Pavel Datsyuk wins face-off versus Alexei Morozov in Stars zone.
4:08 of 2nd period - Snap shot by Phil Kessel.
4:08 of 2nd period - Deflect By Alexei Morozov.
4:08 of 2nd period - Shot Misses the Net.
4:08 of 2nd period - Puck is out of play.
4:09 of 2nd period - Alexei Morozov wins face-off versus Pavel Datsyuk in Stars zone.
4:38 of 2nd period - Snap shot by Ryan Callahan.
4:38 of 2nd period - Shot Misses the Net.
4:40 of 2nd period - Snap shot by Stephen Weiss.
4:40 of 2nd period - Stopped by Erik Ersberg with a rebound.
4:42 of 2nd period - Snap shot by Ryan Callahan.
4:42 of 2nd period - Shot Misses the Net.
4:44 of 2nd period - Wrist shot by Stephen Weiss.
4:44 of 2nd period - Deflect By Ryan Callahan.
4:44 of 2nd period - Goal by Ryan Callahan - Stars : 0 - Capitals : 1.
4:45 of 2nd period - Saku Koivu wins face-off versus Pavel Datsyuk in neutral zone.
4:58 of 2nd period - Snap shot by Chris Kunitz.
4:58 of 2nd period - Stopped by Tim Thomas with a rebound.
5:39 of 2nd period - Wrist shot by David Krejci.
5:39 of 2nd period - Deflect By Mikael Samuelsson.
5:39 of 2nd period - Stopped by Erik Ersberg with a rebound.
6:05 of 2nd period - Wrist shot by Thomas Vanek.
6:05 of 2nd period - Shot Misses the Net.
6:07 of 2nd period - Snap shot by Marek Zidlicky.
6:07 of 2nd period - Stopped by Erik Ersberg with a rebound.
6:25 of 2nd period - Wrist shot by Alexei Morozov.
6:25 of 2nd period - Goal by Alexei Morozov - Stars : 1 - Capitals : 1.
6:26 of 2nd period - John Tavares wins face-off versus Pavel Datsyuk in neutral zone.
6:29 of 2nd period - Snap shot by Scott Hartnell.
6:29 of 2nd period - Shot Misses the Net.
6:35 of 2nd period - Slapshot by Marek Zidlicky.
6:35 of 2nd period - Stopped by Erik Ersberg without a rebound.
6:36 of 2nd period - John Tavares wins face-off versus Pavel Datsyuk in Stars zone.
6:49 of 2nd period - Wrist shot by Pavel Datsyuk.
6:49 of 2nd period - Shot Misses the Net.
6:51 of 2nd period - Snap shot by Thomas Vanek.
6:51 of 2nd period - Shot Misses the Net.
6:53 of 2nd period - Slapshot by Marek Zidlicky.
6:53 of 2nd period - Deflect By Eric Brewer.
6:53 of 2nd period - Stopped by Erik Ersberg without a rebound.
6:54 of 2nd period - Mike Ribeiro wins face-off versus Stephen Weiss in Stars zone.
7:47 of 2nd period - Snap shot by Chris Stewart.
7:47 of 2nd period - Shot Misses the Net.
7:53 of 2nd period - Saku Koivu is hit by David Krejci and loses puck.
8:10 of 2nd period - Slapshot by Jakub Voracek.
8:10 of 2nd period - Stopped by Erik Ersberg with a rebound.
8:12 of 2nd period - Wrist shot by Tyler Johnson.
8:12 of 2nd period - Stopped by Erik Ersberg with a rebound.
8:14 of 2nd period - Snap shot by Tyler Johnson.
8:14 of 2nd period - Deflect By Jakub Voracek.
8:14 of 2nd period - Shot Misses the Net.
8:14 of 2nd period - Puck is out of play.
8:15 of 2nd period - John Tavares wins face-off versus Phil Kessel in Stars zone.
8:42 of 2nd period - Wrist shot by Patrik Elias.
8:42 of 2nd period - Stopped by Erik Ersberg without a rebound.
8:43 of 2nd period - Stephen Weiss wins face-off versus Mike Ribeiro in Stars zone.
8:46 of 2nd period - Slapshot by Stephen Weiss.
8:46 of 2nd period - Shot Misses the Net.
9:04 of 2nd period - Wrist shot by Stephen Weiss.
9:04 of 2nd period - Goal by Stephen Weiss - Stars : 1 - Capitals : 2.
9:05 of 2nd period - Pavel Datsyuk wins face-off versus John Tavares in neutral zone.
9:28 of 2nd period - Icing by Alexei Morozov.
9:29 of 2nd period - Patrik Elias wins face-off versus Mike Ribeiro in Stars zone.
9:40 of 2nd period - Wrist shot by Stephen Weiss.
9:40 of 2nd period - Deflect By Ryane Clowe.
9:40 of 2nd period - Shot Misses the Net.
9:40 of 2nd period - Puck is out of play.
9:41 of 2nd period - John Tavares wins face-off versus Phil Kessel in Stars zone.
9:46 of 2nd period - Wrist shot by Pavel Datsyuk.
9:46 of 2nd period - Stopped by Erik Ersberg without a rebound.
9:47 of 2nd period - John Tavares wins face-off versus Pavel Datsyuk in Stars zone.
10:18 of 2nd period - Slapshot by Radim Vrbata.
10:18 of 2nd period - Stopped by Tim Thomas without a rebound.
10:19 of 2nd period - Pavel Datsyuk wins face-off versus Mike Ribeiro in Capitals zone.
10:19 of 2nd period - Pavel Datsyuk is hit by Ryane Clowe.
10:33 of 2nd period - Wrist shot by Radim Vrbata.
10:33 of 2nd period - Shot Misses the Net.
10:55 of 2nd period - Icing by Brent Seabrook.
10:56 of 2nd period - John Tavares wins face-off versus Pavel Datsyuk in Capitals zone.
11:05 of 2nd period - Snap shot by Scott Hartnell.
11:05 of 2nd period - Shot Blocked by Brent Seabrook.
11:13 of 2nd period - Slapshot by Pavel Datsyuk.
11:13 of 2nd period - Stopped by Erik Ersberg with a rebound.
11:17 of 2nd period - Snap shot by Pavel Datsyuk.
11:17 of 2nd period - Shot Misses the Net.
11:19 of 2nd period - Wrist shot by Brent Seabrook.
11:19 of 2nd period - Shot Blocked by Pavel Kubina.
11:21 of 2nd period - Snap shot by Thomas Vanek.
11:21 of 2nd period - Deflect By Pavel Datsyuk.
11:21 of 2nd period - Stopped by Erik Ersberg without a rebound.
11:22 of 2nd period - Mike Ribeiro wins face-off versus Stephen Weiss in Stars zone.
12:20 of 2nd period - Slapshot by James Neal.
12:20 of 2nd period - Stopped by Erik Ersberg without a rebound.
12:21 of 2nd period - Pavel Datsyuk wins face-off versus Mike Ribeiro in Stars zone.
12:33 of 2nd period - Minor Penalty to Brent Seabrook for Hooking.
12:34 of 2nd period - Pavel Datsyuk wins face-off versus Mike Ribeiro in Capitals zone.
12:58 of 2nd period - Jay Harrison is hit by Pavel Kubina and loses puck.
13:10 of 2nd period - Icing by Mike Ribeiro.
13:11 of 2nd period - Pavel Datsyuk wins face-off versus Mike Ribeiro in Stars zone.
14:33 of 2nd period - Penalty to Brent Seabrook is over, Brent Seabrook is back on ice.
14:59 of 2nd period - Icing by Shane Doan.
15:00 of 2nd period - Marty Reasoner wins face-off versus Patrik Elias in Stars zone.
15:07 of 2nd period - Slapshot by Eric Brewer.
15:07 of 2nd period - Stopped by Tim Thomas with a rebound.
15:25 of 2nd period - Pavel Kubina is hit by Thomas Vanek and loses puck.
15:34 of 2nd period - Wrist shot by Pavel Datsyuk.
15:34 of 2nd period - Shot Misses the Net.
15:36 of 2nd period - Slapshot by Brian Campbell.
15:36 of 2nd period - Shot Blocked by Petr Schastlivy.
15:48 of 2nd period - Snap shot by Alexei Morozov.
15:48 of 2nd period - Stopped by Tim Thomas with a rebound.
15:50 of 2nd period - Wrist shot by John Tavares.
15:50 of 2nd period - Goal by John Tavares - Stars : 2 - Capitals : 2.
15:51 of 2nd period - Pavel Datsyuk wins face-off versus John Tavares in neutral zone.
15:53 of 2nd period - Minor Penalty to Phil Kessel for Tripping.
15:54 of 2nd period - Mike Ribeiro wins face-off versus Pavel Datsyuk in Capitals zone.
16:02 of 2nd period - Wrist shot by Mike Ribeiro.
16:02 of 2nd period - Stopped by Tim Thomas with a rebound.
16:30 of 2nd period - Off-side.
16:31 of 2nd period - Stephen Weiss wins face-off versus Alexei Morozov in neutral zone.
16:46 of 2nd period - Snap shot by Alexei Morozov.
16:46 of 2nd period - Shot Blocked by Brent Seabrook.
17:04 of 2nd period - Slapshot by Pavel Kubina.
17:04 of 2nd period - Stopped by Tim Thomas without a rebound.
17:05 of 2nd period - Pavel Datsyuk wins face-off versus Mike Ribeiro in Capitals zone.
17:20 of 2nd period - Minor Penalty to Jordan Leopold for Tripping.
17:21 of 2nd period - Pavel Datsyuk wins face-off versus Alexei Morozov in Stars zone.
17:28 of 2nd period - Wrist shot by Thomas Vanek.
17:28 of 2nd period - Shot Misses the Net.
17:53 of 2nd period - Penalty to Phil Kessel is over, Phil Kessel is back on ice.
18:09 of 2nd period - Slapshot by Brent Seabrook.
18:09 of 2nd period - Shot Blocked by Shaone Morrisonn.
19:20 of 2nd period - Penalty to Jordan Leopold is over, Jordan Leopold is back on ice.
19:29 of 2nd period - Snap shot by Radim Vrbata.
19:29 of 2nd period - Deflect By Jordan Leopold.
19:29 of 2nd period - Shot Misses the Net.
19:29 of 2nd period - Puck is out of play.
19:30 of 2nd period - Chris Kunitz wins face-off versus David Krejci in Capitals zone.
Goals for this period are 2 for Stars vs 2 for Capitals.
Shots for this period are 13 for Stars vs 17 for Capitals.

3rd period


0:01 of 3rd period - John Tavares wins face-off versus Pavel Datsyuk in neutral zone.
0:04 of 3rd period - Brent Seabrook is hit by Alexei Morozov and loses puck.
0:41 of 3rd period - Minor Penalty to Radim Vrbata for Holding.
0:42 of 3rd period - Pavel Datsyuk wins face-off versus Alexei Morozov in Stars zone.
0:47 of 3rd period - Snap shot by Phil Kessel.
0:47 of 3rd period - Stopped by Erik Ersberg without a rebound.
0:48 of 3rd period - Alexei Morozov wins face-off versus Pavel Datsyuk in Stars zone.
2:41 of 3rd period - Penalty to Radim Vrbata is over, Radim Vrbata is back on ice.
3:26 of 3rd period - Snap shot by James Neal.
3:26 of 3rd period - Shot Blocked by Shaone Morrisonn.
3:50 of 3rd period - Mike Ribeiro is hit by Phil Kessel and loses puck.
4:24 of 3rd period - Off-side.
4:25 of 3rd period - John Tavares wins face-off versus Pavel Datsyuk in neutral zone.
5:08 of 3rd period - Minor Penalty to Jay Harrison for High sticking.
5:09 of 3rd period - Mike Ribeiro wins face-off versus Pavel Datsyuk in Capitals zone.
5:12 of 3rd period - Wrist shot by Ryane Clowe.
5:12 of 3rd period - Goal by Ryane Clowe - Stars : 3 - Capitals : 2.
5:13 of 3rd period - John Tavares wins face-off versus Pavel Datsyuk in neutral zone.
5:18 of 3rd period - Snap shot by John Tavares.
5:18 of 3rd period - Stopped by Tim Thomas without a rebound.
5:19 of 3rd period - Pavel Datsyuk wins face-off versus John Tavares in Capitals zone.
5:19 of 3rd period - Pavel Datsyuk is hit by Pavel Kubina.
5:33 of 3rd period - Wrist shot by Phil Kessel.
5:33 of 3rd period - Shot Blocked by Eric Brewer.
5:49 of 3rd period - Wrist shot by John Tavares.
5:49 of 3rd period - Goal by John Tavares - Stars : 4 - Capitals : 2.
5:50 of 3rd period - Pavel Datsyuk wins face-off versus John Tavares in neutral zone.
6:21 of 3rd period - Snap shot by Radim Vrbata.
6:21 of 3rd period - Shot Misses the Net.
6:23 of 3rd period - Wrist shot by Radim Vrbata.
6:23 of 3rd period - Stopped by Tim Thomas without a rebound.
6:24 of 3rd period - Pavel Datsyuk wins face-off versus John Tavares in Capitals zone.
6:49 of 3rd period - Ryan Callahan is hit by Mike Ribeiro and loses puck.
6:53 of 3rd period - Icing by Ryan Callahan.
6:54 of 3rd period - Patrik Elias wins face-off versus Mike Ribeiro in Capitals zone.
7:27 of 3rd period - Scott Hartnell is hit by Brent Seabrook and loses puck.
8:01 of 3rd period - Duncan Keith is hit by Shane Doan.
8:06 of 3rd period - Minor Penalty to Shane Doan for Cross-checking.
8:07 of 3rd period - Pavel Datsyuk wins face-off versus Alexei Morozov in Stars zone.
8:39 of 3rd period - Snap shot by Stephen Weiss.
8:39 of 3rd period - Stopped by Erik Ersberg with a rebound.
8:41 of 3rd period - Snap shot by Patrik Elias.
8:41 of 3rd period - Goal by Patrik Elias - Stars : 4 - Capitals : 3.
8:42 of 3rd period - Pavel Datsyuk wins face-off versus John Tavares in neutral zone.
9:16 of 3rd period - Snap shot by Mike Ribeiro.
9:16 of 3rd period - Stopped by Tim Thomas with a rebound.
9:22 of 3rd period - Minor Penalty to Patrik Elias for Hooking.
9:23 of 3rd period - Mike Ribeiro wins face-off versus Pavel Datsyuk in Capitals zone.
9:26 of 3rd period - Snap shot by Ryane Clowe.
9:26 of 3rd period - Goal by Ryane Clowe - Stars : 5 - Capitals : 3.
9:27 of 3rd period - John Tavares wins face-off versus Pavel Datsyuk in neutral zone.
10:34 of 3rd period - Brent Seabrook is hit by Alexei Morozov and loses puck.
10:49 of 3rd period - Slapshot by David Krejci.
10:49 of 3rd period - Stopped by Erik Ersberg without a rebound.
10:50 of 3rd period - Pavel Datsyuk wins face-off versus Mike Ribeiro in Stars zone.
11:02 of 3rd period - Minor Penalty to Shaone Morrisonn for Hooking.
11:03 of 3rd period - Pavel Datsyuk wins face-off versus Alexei Morozov in Stars zone.
11:10 of 3rd period - Slapshot by Thomas Vanek.
11:10 of 3rd period - Shot Misses the Net.
11:12 of 3rd period - Wrist shot by Phil Kessel.
11:12 of 3rd period - Shot Misses the Net.
11:14 of 3rd period - Snap shot by Pavel Datsyuk.
11:14 of 3rd period - Deflect By Phil Kessel.
11:14 of 3rd period - Shot Blocked by Pavel Kubina.
11:14 of 3rd period - Puck is out of play.
11:15 of 3rd period - Pavel Datsyuk wins face-off versus Alexei Morozov in Stars zone.
11:16 of 3rd period - Snap shot by Phil Kessel.
11:16 of 3rd period - Goal by Phil Kessel - Stars : 5 - Capitals : 4.
11:17 of 3rd period - John Tavares wins face-off versus Pavel Datsyuk in neutral zone.
11:43 of 3rd period - Ryan Callahan is hit by Pavel Kubina and loses puck.
12:06 of 3rd period - Slapshot by David Krejci.
12:06 of 3rd period - Deflect By James Neal.
12:06 of 3rd period - Shot Misses the Net.
12:06 of 3rd period - Puck is out of play.
12:07 of 3rd period - Saku Koivu wins face-off versus Pavel Datsyuk in Stars zone.
12:07 of 3rd period - Brian Lee is hit by Thomas Vanek and loses puck.
12:10 of 3rd period - Minor Penalty to Saku Koivu for Holding.
12:11 of 3rd period - Pavel Datsyuk wins face-off versus Alexei Morozov in Stars zone.
13:23 of 3rd period - Icing by Ryan Callahan.
13:24 of 3rd period - Pavel Datsyuk wins face-off versus Shane Doan in Capitals zone.
14:10 of 3rd period - Penalty to Saku Koivu is over, Saku Koivu is back on ice.
14:15 of 3rd period - Saku Koivu is hit by Mikael Samuelsson and loses puck.
14:24 of 3rd period - Snap shot by David Krejci.
14:24 of 3rd period - Shot Misses the Net.
14:42 of 3rd period - Marty Reasoner is hit by Jakub Voracek and loses puck.
14:47 of 3rd period - Snap shot by Alexandre Burrows.
14:47 of 3rd period - Goal by Alexandre Burrows - Stars : 5 - Capitals : 5.
14:48 of 3rd period - John Tavares wins face-off versus Pavel Datsyuk in neutral zone.
14:53 of 3rd period - Icing by Thomas Vanek.
14:54 of 3rd period - Pavel Datsyuk wins face-off versus John Tavares in Capitals zone.
14:54 of 3rd period - Pavel Datsyuk is hit by Alexei Morozov.
15:44 of 3rd period - Slapshot by Mike Ribeiro.
15:44 of 3rd period - Stopped by Tim Thomas with a rebound.
15:46 of 3rd period - Slapshot by Pavel Kubina.
15:46 of 3rd period - Deflect By Mark Streit.
15:46 of 3rd period - Stopped by Tim Thomas with a rebound.
15:48 of 3rd period - Wrist shot by Ryane Clowe.
15:48 of 3rd period - Stopped by Tim Thomas without a rebound.
15:49 of 3rd period - Pavel Datsyuk wins face-off versus Alexei Morozov in Capitals zone.
15:54 of 3rd period - Slapshot by Pavel Datsyuk.
15:54 of 3rd period - Stopped by Erik Ersberg without a rebound.
15:55 of 3rd period - Pavel Datsyuk wins face-off versus John Tavares in Stars zone.
16:04 of 3rd period - Slapshot by Brian Lee.
16:04 of 3rd period - Deflect By Mark Streit.
16:04 of 3rd period - Stopped by Tim Thomas with a rebound.
16:06 of 3rd period - Snap shot by John Tavares.
16:06 of 3rd period - Goal by John Tavares - Stars : 6 - Capitals : 5.
16:07 of 3rd period - David Krejci wins face-off versus Saku Koivu in neutral zone.
16:12 of 3rd period - Slapshot by Duncan Keith.
16:12 of 3rd period - Stopped by Erik Ersberg with a rebound.
16:14 of 3rd period - Snap shot by Mikael Samuelsson.
16:14 of 3rd period - Goal by Mikael Samuelsson - Stars : 6 - Capitals : 6.
16:15 of 3rd period - Chris Kunitz wins face-off versus Thomas Vanek in neutral zone.
16:22 of 3rd period - Snap shot by Chris Kunitz.
16:22 of 3rd period - Shot Misses the Net.
16:24 of 3rd period - Wrist shot by Saku Koivu.
16:24 of 3rd period - Stopped by Tim Thomas without a rebound.
16:25 of 3rd period - Saku Koivu wins face-off versus Phil Kessel in Capitals zone.
16:34 of 3rd period - Snap shot by Saku Koivu.
16:34 of 3rd period - Shot Blocked by Duncan Keith.
16:36 of 3rd period - Slapshot by Eric Brewer.
16:36 of 3rd period - Shot Blocked by Phil Kessel.
17:05 of 3rd period - Wrist shot by Saku Koivu.
17:05 of 3rd period - Deflect By Chris Stewart.
17:05 of 3rd period - Stopped by Tim Thomas with a rebound.
17:07 of 3rd period - Snap shot by Chris Stewart.
17:07 of 3rd period - Shot Misses the Net.
17:09 of 3rd period - Slapshot by Pavel Kubina.
17:09 of 3rd period - Shot Misses the Net.
17:11 of 3rd period - Slapshot by Saku Koivu.
17:11 of 3rd period - Goal by Saku Koivu - Stars : 7 - Capitals : 6.
17:12 of 3rd period - David Krejci wins face-off versus John Tavares in neutral zone.
17:25 of 3rd period - Snap shot by John Tavares.
17:25 of 3rd period - Shot Misses the Net.
17:45 of 3rd period - Snap shot by Shane Doan.
17:45 of 3rd period - Goal by Shane Doan - Stars : 8 - Capitals : 6.
17:46 of 3rd period - Saku Koivu wins face-off versus David Krejci in neutral zone.
17:49 of 3rd period - Snap shot by Eric Brewer.
17:49 of 3rd period - Stopped by Tim Thomas without a rebound.
17:50 of 3rd period - David Krejci wins face-off versus Chris Stewart in Capitals zone.
18:24 of 3rd period - Icing by Pavel Datsyuk.
18:25 of 3rd period - Pavel Datsyuk wins face-off versus Saku Koivu in Capitals zone.
18:32 of 3rd period - Slapshot by Thomas Vanek.
18:32 of 3rd period - Goal by Thomas Vanek - Stars : 8 - Capitals : 7.
18:33 of 3rd period - David Krejci wins face-off versus Saku Koivu in neutral zone.
18:36 of 3rd period - Chris Stewart is hit by Marek Zidlicky and loses puck.
18:41 of 3rd period - Wrist shot by James Neal.
18:41 of 3rd period - Stopped by Erik Ersberg with a rebound.
18:43 of 3rd period - Snap shot by James Neal.
18:43 of 3rd period - Goal by James Neal - Stars : 8 - Capitals : 8.
18:44 of 3rd period - Saku Koivu wins face-off versus David Krejci in neutral zone.
18:47 of 3rd period - Slapshot by Jordan Leopold.
18:47 of 3rd period - Stopped by Tim Thomas with a rebound.
18:59 of 3rd period - Wrist shot by David Krejci.
18:59 of 3rd period - Shot Blocked by Saku Koivu.
Goals for this period are 6 for Stars vs 6 for Capitals.
Shots for this period are 17 for Stars vs 12 for Capitals.

Overtime #1


0:01 of 1st overtime period - Pavel Datsyuk wins face-off versus Alexei Morozov in neutral zone.
0:10 of 1st overtime period - Snap shot by Mike Ribeiro.
0:10 of 1st overtime period - Shot Misses the Net.
1:33 of 1st overtime period - Alexei Morozov is hit by Brent Seabrook and loses puck.
2:54 of 1st overtime period - Pavel Kubina is hit by Duncan Keith.
2:58 of 1st overtime period - Pavel Datsyuk is hit by Pavel Kubina and loses puck.
3:09 of 1st overtime period - James Neal is hit by Radim Vrbata and loses puck.
3:44 of 1st overtime period - Slapshot by Mark Streit.
3:44 of 1st overtime period - Stopped by Erik Ersberg with a rebound.
3:46 of 1st overtime period - Slapshot by Mark Streit.
3:46 of 1st overtime period - Stopped by Erik Ersberg with a rebound.
3:53 of 1st overtime period - Icing by Jordan Leopold.
3:54 of 1st overtime period - Alexei Morozov wins face-off versus Stephen Weiss in Stars zone.
4:56 of 1st overtime period - Wrist shot by Saku Koivu.
4:56 of 1st overtime period - Stopped by Tim Thomas without a rebound.
4:57 of 1st overtime period - Pavel Datsyuk wins face-off versus Alexei Morozov in Capitals zone.
4:57 of 1st overtime period - Pavel Datsyuk is hit by Mike Ribeiro.
Goals for this period are 0 for Stars vs 0 for Capitals.
Shots for this period are 1 for Stars vs 2 for Capitals.

ShootOut


5:00 of 1st overtime period - Penalty Shot by Alexei Morozov for Stars.
5:00 of 1st overtime period - Deke by Alexei Morozov.
5:00 of 1st overtime period - Goal by Alexei Morozov.
5:00 of 1st overtime period - Penalty Shot by Pavel Datsyuk for Capitals.
5:00 of 1st overtime period - Deke by Pavel Datsyuk.
5:00 of 1st overtime period - Stopped by Erik Ersberg.
5:00 of 1st overtime period - Penalty Shot by Mike Ribeiro for Stars.
5:00 of 1st overtime period - Deke by Mike Ribeiro.
5:00 of 1st overtime period - Stopped by Tim Thomas.
5:00 of 1st overtime period - Penalty Shot by Thomas Vanek for Capitals.
5:00 of 1st overtime period - Snap shot by Thomas Vanek.
5:00 of 1st overtime period - Shot Misses the Net.
5:00 of 1st overtime period - Penalty Shot by Ryane Clowe for Stars.
5:00 of 1st overtime period - Wrist shot by Ryane Clowe.
5:00 of 1st overtime period - Stopped by Tim Thomas.
5:00 of 1st overtime period - Penalty Shot by Stephen Weiss for Capitals.
5:00 of 1st overtime period - Wrist shot by Stephen Weiss.
5:00 of 1st overtime period - Stopped by Erik Ersberg.